 Dungeon Crawl Stone Soup version 0.17-a0-543-g13d7571 (webtiles) character file.

10533 Duskembrace the Spear-Bearer (level 11, -2/64 HPs)
             Began as a Tengu Monk on Apr 13, 2015.
             Was a High Priest of Trog.
             Slain by a salamander
             ... wielding a +0 spear
              (14 damage)
             ... in a volcano.
             The game lasted 00:44:01 (11482 turns).

Duskembrace the Spear-Bearer (Tengu Monk)          Turns: 11482, Time: 00:44:02

Health: -2/64      AC:  9    Str: 15    XL:     11   Next: 63%
Magic:  14/15      EV: 26    Int: 11    God:    Trog [*****.]
Gold:   175        SH:  0    Dex: 23    Spells: 0 memorised, 10 levels left

rFire  . . .     SeeInvis +     a - +4 halberd
rCold  . . .     Clarity  .     u - +0 steam dragon armour
rNeg   + . .     SustAb   .     (no shield)
rPois  +         Gourm    .     (helmet restricted)
rElec  .         Spirit   .     r - +1 cloak {+Inv}
rCorr  .         Warding  .     U - +1 pair of gloves of the Empire {Str+3 Dex+4 SInv}
rMut   .         Stasis   .     (boots unavailable)
MR     ++...                    M - amulet of faith
Stlth  +++.......               p - ring of poison resistance
                                J - ring of positive energy

@: exhausted, flying quickly and evasively, regenerating, slowed, very slow,
very resistant to hostile enchantments, fairly stealthy
A: beak, talons 3, able to fly 1
a: Burn Spellbooks, Berserk, Trog's Hand, Brothers in Arms, Renounce Religion,
Evoke Invisibility


You were in a volcano.
You worshipped Trog.
Trog was extremely pleased with you.
You were very hungry.

You visited 2 branches of the dungeon, and saw 11 of its levels.
You also visited: Sewer and Volcano.

You collected 529 gold pieces.
You spent 354 gold pieces at shops.

Inventory:

Hand weapons
 a - a +4 halberd (weapon)
 b - a +0 shortbow
 o - a +0 trident
 z - a +1 antimagic glaive
Missiles
 i - 161 arrows
 n - a throwing net
 t - 8 tomahawks (quivered)
Armour
 d - a troll hide {Purgy}
 r - a +1 cloak of invisibility (worn)
 u - a +0 steam dragon armour (worn)
 y - a +2 robe of magic resistance
 U - the +1 pair of gloves of the Empire (worn) {Str+3 Dex+4 SInv}
   (You bought it in a shop on level 4 of the Dungeon)

   It affects your strength (+3).
   It affects your dexterity (+4).
   It enhances your eyesight.
Jewellery
 h - an uncursed amulet of regeneration
 p - a ring of poison resistance (right hand)
 J - a ring of positive energy (left hand)
 M - an amulet of faith (around neck)
Magical devices
 I - a wand of disintegration (12)
 P - a wand of digging (7)
Scrolls
 e - 5 scrolls of fog
 g - 3 scrolls of magic mapping
 m - 3 scrolls of remove curse
 L - 2 scrolls of teleportation
 Q - 4 scrolls of enchant armour
 R - a scroll of enchant weapon {unknown}
 T - a scroll of blinking
 Y - a scroll of holy word {unknown}
Potions
 k - a potion of cure mutation
 q - 2 potions of restore abilities
 v - 3 potions of lignification
 w - 3 potions of curing
 x - a potion of haste
 D - a potion of agility
 H - a potion of magic
Comestibles
 l - 4 meat rations
 B - 8 bread rations
 F - 5 slices of pizza
 K - 4 beef jerkies


   Skills:
 + Level 6.3 Fighting
 + Level 13.9 Polearms
 + Level 3.1 Bows
 + Level 9.7 Dodging
 + Level 4.8 Stealth
 - Level 4.3 Unarmed Combat
 * Level 4.4 Evocations


You had 10 spell levels left.
You didn't know any spells.

Dungeon Overview and Level Annotations

Branches:
Dungeon (10/15)            Temple (0/1) D:6            Lair (1/8) D:10
    Orc: D:9-12

Altars:
Dithmenos
Elyvilon
Fedhas
Gozag
Kikubaaqudgha
Okawaru
Qazlal
Ru
Trog
Yredelemnul
The Shining One

Shops:
D:4 *   D:10 =?}


Innate Abilities, Weirdness & Mutations

You have a beak for a mouth.
You have claws for feet.
You can fly.


Message History

You hit the salamander but do no damage.
You claw the salamander, but do no damage.
You peck the salamander, but do no damage.
The salamander is moderately wounded.
The salamander completely misses you.
Use which ability? (? or * to list)
Your skin crawls.
You feel resistant to hostile enchantments.
You feel slightly more hungry. The salamander barely misses you.
The salamander closely misses you. The salamander misses you.
Attack whom?
Press: ? - help, Dir - move target cursor, f - salamander
Aim: a salamander, wielding a spear (moderately wounded)
You reach to attack!
You hit the salamander.
The salamander is moderately wounded.
The salamander hits you from afar with a spear.
* * * LOW HITPOINT WARNING * * *
You are engulfed in flames!
You die...

≈≈.≈≈§§§≈≈≈≈≈≈S≈.≈≈§§§§§
.................≈≈≈≈§≈≈§
#######+########.≈≈≈≈≈§§
#.# #.≈≈≈§§§≈ #.#
#.≈≈§≈§§≈ #.# #..§§§§§§
#.# #§§≈§§§§≈ #.#
#§§S§§§≈≈ #@# #§§§§§§≈≈
#)# #.≈≈§≈§≈ #.))N.#
#.§§≈§§ #.8_8.# #.≈≈≈≈
+.....+ #.. ####### ≈§§
≈≈≈≈≈≈ §§ ≈≈≈§≈≈≈§≈§≈§
§§§≈


You could see a salamander.

Vanquished Creatures
  An ogre mage (D:10)
  A salamander mystic (Volcano)
  An unseen horror (D:10)
  The ghost of hornqvist the Basher, an experienced OgBe of Trog (D:5)
  A cyclops (D:10)
  2 salamanders (Volcano)
  A centaur skeleton (D:10)
  The ghost of hornqvist the Basher, an average OgBe of Trog (D:4)
  A troll (D:10)
  A two-headed ogre (D:9)
  Sigmund (D:4)
  A human (D:7)
  A yak (D:7)
  A deep elf mage (D:9)
  3 fire bats (Lair:1)
  A hippogriff (D:9)
  3 steam dragons
  A wolf (D:10)
  Menkaure (D:4)
  Purgy (Sewer)
  2 phantoms
  7 ogres
  5 orc warriors
  An eye of draining (D:9)
  2 sky beasts
  4 centaurs
  6 giant frogs
  A big kobold (D:9)
  A scorpion (D:9)
  3 jellies
  An electric eel (D:10)
  8 killer bees
  A lava snake (Volcano)
  2 crimson imps
  A centaur zombie (D:6)
  3 giant frog zombies
  7 hounds
  4 orc priests
  2 giant frog skeletons
  3 iguanas
  9 worker ants
  7 orc wizards
  3 sheep (D:7)
  A hound zombie (D:10)
  2 hound skeletons
  2 worker ant zombies
  11 gnolls
  9 adders
  A shadow imp (D:10)
  4 giant geckos
  3 oozes
  35 orcs
  4 ball pythons
  A bat skeleton (D:4)
  A bat zombie (D:6)
  6 giant cockroaches
  8 goblins
  14 hobgoblins
  8 jackals
  10 kobolds
  3 quokkas
  13 bats
  2 giant gecko skeletons
  3 giant newts (Sewer)
  A giant spore (D:6)
  A quokka zombie (D:7)
  14 rats
  A ballistomycete (D:6)
266 creatures vanquished.

Vanquished Creatures (others)
  A worker ant (D:6)
1 creature vanquished.

Grand Total: 267 creatures vanquished

Notes
Turn   | Place    | Note
--------------------------------------------------------------
     0 | D:1      | Duskembrace, the Tengu Monk, began the quest for the Orb.
     0 | D:1      | Reached XP level 1. HP: 14/14 MP: 2/2
   141 | D:1      | Reached XP level 2. HP: 19/19 MP: 3/3
  1070 | D:2      | Reached XP level 3. HP: 13/23 MP: 4/4
  1528 | D:2      | Found a bloodstained altar of Trog.
  1556 | D:2      | Became a worshipper of Trog the Wrathful
  1556 | D:2      | Acquired Trog's first power
  1556 | D:2      | Acquired Trog's second power
  1854 | D:3      | Reached skill level 5 in Dodging
  1854 | D:3      | Reached XP level 4. HP: 7/28 MP: 5/5
  2229 | D:3      | Found a shadowy altar of Dithmenos.
  2342 | D:3      | Found an iron altar of Okawaru.
  2670 | D:3      | Reached skill level 1 in Polearms
  2674 | D:3      | Gained mutation: You can fly. [Tengu growth]
  2674 | D:3      | Reached XP level 5. HP: 32/32 MP: 6/6
  2935 | D:4      | Found a blossoming altar of Fedhas.
  3276 | D:4      | Noticed hornqvist's ghost (average OgBe)
  3278 | D:4      | Noticed an orc warrior
  3292 | D:4      | Killed hornqvist's ghost
  3292 | D:4      | Reached skill level 5 in Polearms
  3292 | D:4      | Reached XP level 6. HP: 18/37 MP: 7/7
  3296 | D:4      | Killed an orc warrior
  3296 | D:4      | Reached skill level 6 in Polearms
  3296 | D:4      | Reached XP level 7. HP: 21/41 MP: 8/8
  3306 | D:4      | HP: 2/41 [orc priest/short sword of venom (4)]
  3311 | D:4      | HP: 2/41 [poisoned by an orc priest]
  3595 | D:4      | Noticed Sigmund
  3604 | D:4      | Killed Sigmund
  3604 | D:4      | Reached skill level 7 in Polearms
  3642 | D:4      | Noticed an ogre
  3657 | D:4      | Killed an ogre
  3690 | D:4      | Reached skill level 8 in Polearms
  3697 | D:4      | Reached XP level 8. HP: 35/46 MP: 9/9
  4017 | D:4      | Noticed Menkaure
  4022 | D:4      | Killed Menkaure
  4022 | D:4      | Reached skill level 9 in Polearms
  4544 | D:4      | Found Muguxupt's General Store.
  4621 | D:4      | Found an opulent altar of Gozag.
  4661 | D:5      | Entered Level 5 of the Dungeon
  4671 | D:5      | Noticed hornqvist's ghost (experienced OgBe)
  4677 | D:5      | Killed hornqvist's ghost
  4677 | D:5      | Reached skill level 11 in Polearms
  4677 | D:5      | Reached XP level 9. HP: 33/50 MP: 10/10
  4683 | D:5      | Found a glowing drain.
  4718 | Sewer    | Entered a sewer
  4858 | Sewer    | Noticed Purgy
  4870 | Sewer    | Killed Purgy
  5402 | D:5      | Found a white marble altar of Elyvilon.
  5408 | D:5      | Found a stormy altar of Qazlal.
  5571 | D:5      | HP: 1/50 [killer bee (7)]
  5594 | D:5      | Reached skill level 12 in Polearms
  5996 | D:6      | Acquired Trog's third power
  6608 | D:6      | Found a staircase to the Ecumenical Temple.
  6751 | D:6      | Found an ancient bone altar of Kikubaaqudgha.
  7285 | D:7      | Reached XP level 10. HP: 57/57 MP: 11/11
  7759 | D:7      | Found a sacrificial altar of Ru.
  8007 | D:4      | Bought the +1 pair of gloves of the Empire {Str+3 Dex+4 SInv} for 354 gold pieces
  8525 | D:9      | Reached skill level 5 in Fighting
  8642 | D:9      | Reached skill level 1 in Evocations
  8764 | D:9      | Reached skill level 1 in Bows
  8793 | D:9      | Reached skill level 13 in Polearms
  9378 | D:9      | Found a glowing golden altar of the Shining One.
  9380 | D:9      | Noticed an angel
  9390 | D:9      | Found a basalt altar of Yredelemnul.
  9391 | D:9      | Noticed a profane servitor
  9460 | D:10     | Entered Level 10 of the Dungeon
  9546 | D:10     | Found Vucaidif's Magic Scroll Emporium.
  9808 | D:10     | Noticed an unseen horror
  9821 | D:10     | Killed an unseen horror
  9821 | D:10     | Reached XP level 11. HP: 52/64 MP: 14/14
  9870 | D:10     | Found Qaren's Gadget Shoppe.
  9942 | D:10     | Noticed an ogre mage
  9942 | D:10     | Noticed a wizard
  9944 | D:10     | Noticed a cyclops
 10167 | D:10     | Found Seyplop's Jewellery Shoppe.
 10178 | D:10     | Received a gift from Trog
 10310 | D:10     | Killed an ogre mage
 10314 | D:10     | Killed a cyclops
 10536 | D:10     | Found a staircase to the Lair.
 10584 | Lair:1   | Entered Level 1 of the Lair of Beasts
 10693 | Lair:1   | Found a dark tunnel.
 10721 | Volcano  | Entered a volcano
 11456 | Volcano  | Found a burning altar of Makhleb.
 11456 | Volcano  | Noticed a salamander mystic
 11463 | Volcano  | Killed a salamander mystic
 11482 | Volcano  | Slain by a salamander

Action                   |  1- 3 |  4- 6 |  7- 9 | 10-12 || total
-------------------------+-------+-------+-------+-------++-------
Melee: Unarmed           |    56 |    31 |       |       ||    87
       Trident           |       |    13 |       |       ||    13
       Halberd           |       |    40 |   263 |   346 ||   649
 Fire: Shortbow          |       |       |     9 |    32 ||    41
Throw: Tomahawk          |       |       |     4 |       ||     4
Invok: Berserk           |       |     3 |     9 |     3 ||    15
       Trog's Hand       |       |       |     2 |     1 ||     3
 Abil: Fly               |       |       |     3 |     7 ||    10
  Use: Potion            |       |       |     3 |     1 ||     4
       Scroll            |       |       |    12 |     9 ||    21
 Stab: Sleeping          |     3 |     2 |     8 |     9 ||    22
       Distracted        |       |       |     2 |       ||     2
  Eat: Chunk             |     2 |     6 |    17 |    13 ||    38
       Beef jerky        |       |     1 |     1 |       ||     2
       Bread ration      |       |       |     1 |       ||     1
       Pizza             |       |       |       |     3 ||     3
